 Dungeon Crawl Stone Soup version 0.31.0-12-g77e489cdc1 (webtiles) character file.

Game seed: 6254240145957367850

37006 Ruich the Marksdemigod (level 13, -5/116 HPs)
             Began as a Demigod Hunter on Feb 14, 2024.
             Slain by a wolf spider (15 damage)
             ... on level 5 of the Lair of Beasts.
             The game lasted 00:38:47 (17157 turns).

Ruich the Marksdemigod (Demigod Hunter)            Turns: 17157, Time: 00:38:47

Health: -5/116     AC: 11    Str: 12    XL:     13   Next: 24%
Magic:  16/16      EV: 28    Int: 15    God:
Gold:   759        SH:  0    Dex: 29    Spells: 6/12 levels left

rFire   + . .        z - +0 arbalest (freeze)
rCold   . . .        (shield currently unavailable)
rNeg    . . .        w - +0 steam dragon scales
rPois   .            (no helmet)
rElec   .            t - +2 cloak
rCorr   .            p - +1 pair of gloves
SInv    .            h - +0 pair of boots
Will    +....        (no amulet)
Stlth   ++           E - +5 ring of evasion
HPRegen 0.39/turn    f - ring of protection from fire
MPRegen 0.15/turn

%: no passive effects
@: lethally poisoned (-5 -> -27)
A: high MP 1, forlorn, divine attributes
a: no special abilities


You were on level 5 of the Lair of Beasts.
You visited 2 branches of the dungeon, and saw 16 of its levels.

You collected 759 gold pieces.


Innate Abilities, Weirdness & Mutations

You have an increased reservoir of magic. (+10% MP)
You shall have no god before yourself.
Your divine heritage dramatically boosts your attributes as you level up.


   Skills:
 + Level 11.0 Fighting
 * Level 15.4 Ranged Weapons
 + Level 10.4 Dodging
 - Level 0.8 Stealth
 - Level 5.0 Translocations


You had 6 spell levels left.
You knew the following spells:

 Your Spells              Type           Power      Damage    Failure   Level
g - Gell's Gravitas       Tloc           15%        N/A       11%         3
t - Teleport Other        Tloc           15%        N/A       11%         3

Your spell library contained the following spells:

 Spells                   Type           Power      Damage    Failure   Level
 Foxfire                  Conj/Fire      0%         2x1d4     26%         1
 Sandblast                Erth           0%         2d4       26%         1
 Summon Small Mammal      Summ           0%         N/A       26%         1
 Cigotuvi's Dreadful Rot  Necr/Alch/Air  0%         N/A       38%         2
 Call Canine Familiar     Summ           0%         N/A       63%         3
 Inner Flame              Hex/Fire       0%         N/A       63%         3
 Mephitic Cloud           Conj/Alch/Air  0%         N/A       63%         3
 Passwall                 Erth           0%         N/A       63%         3
 Stone Arrow              Conj/Erth      0%         3d7       63%         3
 Vhi's Electric Charge    Tloc/Air       14%        N/A       67%         4
 Brom's Barrelling Bould  Conj/Erth      0%         2d3       95%         4
 Flame Wave               Conj/Fire      0%         2d4       95%         4
 Fulminant Prism          Conj/Alch      0%         3d5       95%         4
 Ignite Poison            Fire/Alch      0%         N/A       95%         4
 Sticky Flame             Fire/Alch      0%         2d4       95%         4
 Summon Blazeheart Golem  Fire/Summ      0%         N/A       95%         4
 Dispersal                Tloc           7%         N/A       99%         6
 Arcjolt                  Conj/Air       0%         1d10      100%        5
 Freezing Cloud           Conj/Ice/Air   0%         6-21      100%        5
 Irradiate                Conj/Alch      0%         3d11      100%        5
 Plasma Beam              Fire/Air       0%         2x1d10    100%        6
 Starburst                Conj/Fire      0%         6d3       100%        6

Inventory:

Hand Weapons
 z - a +0 arbalest of freezing (weapon)
Missiles
 m - 5 throwing nets {=f}
 A - 4 curare-tipped darts {=f}
Armour
 h - a +0 pair of boots (worn)
 p - a +1 pair of gloves (worn)
 t - a +2 cloak (worn)
 w - +0 steam dragon scales (worn)
Jewellery
 d - a +6 ring of dexterity
 f - a ring of protection from fire (right hand)
 v - a ring of see invisible
 E - a +5 ring of evasion (left hand)
 F - a ring of fire
 I - a +6 ring of intelligence
 S - a +6 ring of strength
 Z - a ring of wizardry
Wands
 a - a wand of iceblast (5)
 e - a wand of charming (11)
 n - a wand of mindburst (19)
 C - a wand of light (3)
Scrolls
 g - 3 scrolls of revelation
 u - a scroll of fog
 y - 2 scrolls of identify {@r1}
Potions
 b - a potion of ambrosia
 c - 2 potions of berserk rage {!q}
 i - 3 potions of mutation
 j - 2 potions of lignification
 k - 3 potions of attraction
 l - 3 potions of brilliance
 o - a potion of curing {@q1}
 r - 2 potions of resistance

Dungeon Overview and Level Annotations

Branches:
Dungeon (11/15)            Temple (0/1) D:7            Lair (5/5) D:9
 Shoals (0/4) Lair:2        Snake (0/4) Lair:2          Orc (0/2) D:10
  Slime: Lair:4-5

Shops:
D:6 *

Annotations:
D:5 1 runed translucent door, Crazy Yiuf

#.........##
##.........P## ...l
#............. ##...
#.†...........
...h###.............
#...#...............
#...#...............
#..s##..............
#..†#@†.............
#...ss†.............
.......#...........[...
..).............[......
..##...................
. S.............8.....
.......?............
.......)..........8..
..#.P................


You could see 2 wolf spiders and a black mamba (wandering).


Message History

The bolt freezes the wolf spider!
The wolf spider is severely wounded.
The wolf spider completely misses you. The wolf spider bites you!
* * * LOW HITPOINT WARNING * * *
The wolf spider hits you!!
* * * LOW HITPOINT WARNING * * *
The wolf spider bites you.
* * * LOW HITPOINT WARNING * * *
The wolf spider completely misses you. The wolf spider misses you.
Unknown command.
You feel much better.
A black mamba comes into view.
The wolf spider hits you!
* * * LOW HITPOINT WARNING * * *
The wolf spider barely misses you. The wolf spider misses you.
The wolf spider bites you.
* * * LOW HITPOINT WARNING * * *
You are poisoned.
The wolf spider poisons you! The wolf spider hits you!
* * * LOW HITPOINT WARNING * * *
The wolf spider bites you.
* * * LOW HITPOINT WARNING * * *
The wolf spider misses you. The wolf spider completely misses you.
Unknown command.
Unknown command.
You feel better. The wolf spider barely misses you. The wolf spider bites you!
* * * LOW HITPOINT WARNING * * *
You are lethally poisoned!
The wolf spider poisons you! The wolf spider hits you!
You die...

Skill      XL: |  1  2  3  4  5  6  7  8  9 10 11 12 13 |
---------------+----------------------------------------+-----
Fighting       | 2 3 4 5 6 7 8 9 10 11 | 11.0
Ranged Weapons | 4 5 6 7 9 10 12 13 15 | 15.4
Dodging        | 2 3 5 6 7 8 10 | 10.4
Translocations | 3 5 |  5.0
Stealth        | |  0.8

Action                     |  1- 3 |  4- 6 |  7- 9 | 10-12 | 13-15 || total
---------------------------+-------+-------+-------+-------+-------++-------
   Fire: Shortbow          |   109 |   129 |   292 |       |       ||   530
         Orcbow            |       |       |    51 |   724 |       ||   775
         Sling             |       |       |    28 |       |       ||    28
         Arbalest          |       |       |       |   202 |   104 ||   306
  Throw: Dart              |       |       |       |     8 |       ||     8
   Cast: Teleport Other    |       |       |       |       |     5 ||     5
  Evoke: Wand              |       |       |       |     7 |       ||     7
    Use: Scroll            |     1 |    10 |     6 |     4 |     2 ||    23
         Potion            |       |     1 |       |     4 |     5 ||    10
 Armour: Leather armour    |    26 |    28 |    58 |       |       ||   112
         Steam dragon scal |       |       |    34 |   188 |    54 ||   276
  Dodge: Dodged            |    34 |    35 |   189 |   601 |   162 ||  1021

Levels and vault maps discovered:
D:1:      nicolae_arrival_memento_mori, layout_loops_ring
D:2:      kennysheep_six_static_rooms, layout_loops_ring, uniq_jessica,
          uniq_sigmund
D:3:      layout_basic, mainiacjoe_overflow_brackets,
          mainiacjoe_overflow_cross_hatched, lemuel_doored_altar, serial_curves,
          eino_curves_02, eino_curves_03
D:4:      layout_loops_ring, mainiacjoe_overflow_paths, minmay_misc_feat_cross,
          uniq_edmund
D:5:      layout_rooms, minivault_19, uniq_grinder, uniq_menkaure,
          uniq_crazy_yiuf_cottage
D:6:      layout_basic, kennysheep_mini_moat, nicolae_gozag_seed_capital,
          xom_confusion_cloud, minmay_shop_mayhem
D:7:      layout_gridville, nicolae_hepliaklqana_hippocampus,
          cheibriados_altar_1, mainiacjoe_overflow_catwalk,
          minmay_temple_entry_mini_moons
D:8:      layout_cave_pools
D:9:      layout_cave_pools, nicolae_uskayaw_suspiria, lair_entry_dummy
D:10:     kennysheep_seaside_town, layout_basic,
          nicolae_qazlal_scattered_showers, nicolae_kikubaaqudgha_miasma_corner,
          lemuel_tele_altar, orc_0_dummy, hex_tiny, uniq_snorg
D:11:     layout_long_grid
Lair:1:   layout_big_grid
Lair:2:   layout_roguey, elwin_shoals_entry_rooms, guppyfry_snake_entry_island,
          grunt_forest_small_clearing_treed, grunt_megastairs_2, uniq_amaemon
Lair:3:   layout_loops_ring, infiniplex_staircase_pool_2
Lair:4:   layout_gridlike, st_stairs_11, minivault_26,
          hangedman_lair_generics_rect, grunt_megastairs_5
Lair:5:   evilmike_catoblepas_cave, layout_hall_layers,
          minmay_slime_entry_jelly_boxes, gauntlet_entry_generic,
          nicolae_lair_run_with_the_wolves

Notes
Turn   | Place    | Note
-------+----------+-------------------------------------------
     0 | D:1      | Ruich the Demigod Hunter began the quest for the Orb.
     0 | D:1      | Reached XP level 1. HP: 17/17 MP: 3/3
    75 | D:1      | Reached skill level 2 in Fighting
   135 | D:1      | Reached XP level 2. HP: 24/24 MP: 4/4
   136 | D:1      | Reached skill level 4 in Ranged Weapons
   857 | D:2      | Reached XP level 3. HP: 20/30 MP: 5/5
   925 | D:2      | Noticed Jessica
   927 | D:2      | Killed Jessica
   975 | D:2      | Reached XP level 4. HP: 26/37 MP: 6/6
  1202 | D:2      | Identified the +5 hand axe of the Cursing Badger {venom,
                  | rElec Will++ Str+2}
  1295 | D:2      | Noticed Sigmund
  1316 | D:2      | Killed Sigmund
  1317 | D:2      | Reached skill level 3 in Fighting
  1317 | D:2      | Reached skill level 5 in Ranged Weapons
  1317 | D:2      | Reached XP level 5. HP: 23/45 MP: 7/7
  1694 | D:3      | Reached XP level 6. HP: 49/52 MP: 8/8
  1893 | D:3      | Reached skill level 6 in Ranged Weapons
  2425 | D:3      | Reached skill level 2 in Dodging
  2492 | D:4      | Identified a potion of resistance
  2588 | D:4      | Reached skill level 4 in Fighting
  2605 | D:4      | Noticed Edmund
  2743 | D:4      | Killed Edmund
  2848 | D:4      | Reached XP level 7. HP: 60/60 MP: 9/9
  2870 | D:4      | You fall into a shaft and drop 1 floor!
  2870 | D:5      | Entered Level 5 of the Dungeon
  3494 | D:5      | Noticed Menkaure
  3506 | D:5      | Killed Menkaure
  3507 | D:5      | Reached skill level 7 in Ranged Weapons
  3507 | D:5      | Reached skill level 3 in Dodging
  3987 | D:5      | Noticed Grinder
  4013 | D:4      | Killed Grinder
  4014 | D:4      | Reached skill level 5 in Fighting
  4014 | D:4      | Reached XP level 8. HP: 64/68 MP: 10/10
  4037 | D:5      | Got the Enchiridion on Alteration
  4167 | D:5      | Reached skill level 8 in Ranged Weapons
  4167 | D:5      | Reached skill level 4 in Dodging
  4504 | D:5      | Found a runed translucent door.
  4505 | D:5      | Noticed Crazy Yiuf
  4789 | D:6      | Found Vomad's Mayhem Merchandise.
  4987 | D:6      | Reached skill level 6 in Fighting
  4991 | D:6      | Reached skill level 9 in Ranged Weapons
  4991 | D:6      | Reached skill level 5 in Dodging
  5020 | D:6      | Reached XP level 9. HP: 75/75 MP: 11/11
  5528 | D:7      | Found a staircase to the Ecumenical Temple.
  6097 | D:7      | Reached skill level 10 in Ranged Weapons
  6266 | D:8      | Reached skill level 6 in Dodging
  6271 | D:8      | Reached skill level 7 in Fighting
  6442 | D:8      | Identified the +5 sling of Zanoshri {heavy, rC+ Dex+3}
  7298 | D:9      | Reached XP level 10. HP: 86/86 MP: 13/13
  7562 | D:9      | Reached skill level 11 in Ranged Weapons
  7562 | D:9      | Noticed a two-headed ogre
  7939 | D:9      | Reached skill level 7 in Dodging
  8145 | D:9      | Killed a two-headed ogre
  8146 | D:9      | Reached skill level 8 in Fighting
  8504 | D:9      | Found a staircase to the Lair.
  8588 | D:10     | Entered Level 10 of the Dungeon
  8681 | D:10     | Noticed a two-headed ogre
  8697 | D:10     | Killed a two-headed ogre
  8698 | D:10     | Reached skill level 12 in Ranged Weapons
  8841 | D:10     | Identified the +3 leather armour of Inevitability {rF+
                  | Str+3}
  9073 | D:10     | Reached XP level 11. HP: 89/95 MP: 14/14
  9206 | D:10     | Learned a level 3 spell: Gell's Gravitas
  9210 | D:10     | Learned a level 3 spell: Teleport Other
  9373 | D:10     | Noticed a two-headed ogre
  9383 | D:10     | Killed a two-headed ogre
  9384 | D:10     | Reached skill level 8 in Dodging
  9384 | D:10     | Reached skill level 1 in Translocations
  9391 | D:10     | Noticed Snorg
  9417 | D:10     | Killed Snorg
  9589 | D:10     | Found a staircase to the Orcish Mines.
 10059 | D:10     | Reached skill level 2 in Translocations
 10154 | Lair:1   | Entered Level 1 of the Lair of Beasts
 10212 | Lair:1   | Reached skill level 9 in Fighting
 10457 | Lair:2   | Reached skill level 13 in Ranged Weapons
 10586 | Lair:2   | Found a staircase to the Snake Pit.
 10657 | Lair:2   | Reached skill level 3 in Translocations
 10720 | Lair:2   | Noticed a four-headed hydra
 10725 | Lair:2   | Noticed Amaemon
 11224 | Lair:2   | Killed a four-headed hydra
 11309 | Lair:2   | Killed Amaemon
 11583 | Lair:2   | Found a staircase to the Shoals.
 12118 | Lair:2   | Noticed a skyshark
 12130 | Lair:2   | Killed a skyshark
 12481 | Lair:3   | Reached XP level 12. HP: 88/105 MP: 13/15
 12605 | Lair:3   | Reached skill level 9 in Dodging
 12605 | Lair:3   | Reached skill level 4 in Translocations
 14114 | Lair:3   | Reached skill level 14 in Ranged Weapons
 14322 | Lair:3   | Reached skill level 10 in Fighting
 14507 | Lair:3   | Reached skill level 5 in Translocations
 14575 | Lair:4   | Noticed a six-headed hydra
 14580 | Lair:4   | Killed a six-headed hydra
 14698 | Lair:4   | Noticed a seven-headed hydra
 14705 | Lair:4   | Killed a seven-headed hydra
 14979 | Lair:4   | Noticed a six-headed hydra
 15277 | Lair:4   | Killed a six-headed hydra
 15318 | Lair:4   | Reached skill level 10 in Dodging
 15508 | Lair:4   | Reached skill level 15 in Ranged Weapons
 15513 | Lair:4   | Reached XP level 13. HP: 113/114 MP: 16/16
 15659 | Lair:3   | HP: 11/114 [poisoned by a black mamba]
 15674 | Lair:3   | HP: 9/114 [black mamba (5)]
 17042 | Lair:5   | Entered Level 5 of the Lair of Beasts
 17115 | Lair:5   | Reached skill level 11 in Fighting
 17156 | Lair:5   | HP: 11/116 [wolf spider (5)]
 17157 | Lair:5   | Slain by a wolf spider

Vanquished Creatures
  Snorg (D:10)
  5 hydras
  A catoblepas (Lair:4)
  3 two-headed ogres
  A boulder beetle (Lair:4)
  Amaemon (Lair:2)
  A skyshark (Lair:2)
  A lindwurm (Lair:3)
  An oklob plant (Lair:4)
  An ugly thing (D:10)
  A manticore (Lair:5)
  5 black mambas
  2 torpor snails
  An orange demon (Lair:2)
  7 cane toads
  4 rime drakes
  7 komodo dragons
  A troll (D:9)
  Grinder (D:4)
  10 blink frogs
  4 dream sheep (Lair:4)
  Sigmund (D:2)
  A wraith (D:6)
  55 yaks
  3 wyverns
  A basilisk (Lair:2)
  Edmund (D:4)
  2 steam dragons
  Menkaure (D:5)
  A naga (Lair:2)
  An acid dragon (D:10)
  11 water moccasins
  3 orc warriors
  2 black bears
  2 sky beasts (D:8)
  3 ogres
  8 wolves
  4 centaurs
  A phantom (D:6)
  5 kobold brigands
  A gnoll sergeant (D:8)
  10 bullfrogs
  5 scorpions
  22 wights
  12 killer bees
  An electric eel (Lair:2)
  3 jellies
  5 hounds
  3 bombardier beetles
  7 orc priests
  4 gnoll boudas
  Jessica (D:2)
  5 iguanas
  7 orc wizards
  9 adders
  29 gnolls
  A shadow imp (D:5)
  A white imp (D:7)
  2 ribbon worms
  5 dart slugs
  19 orcs
  9 ball pythons
  5 bats
  5 endoplasms
  5 giant cockroaches
  5 goblins
  3 hobgoblins
  2 jackals (D:1)
  25 kobolds
  3 quokkas
  8 frilled lizards
  8 rats
395 creatures vanquished.

Vanquished Creatures (collateral kills)
  A komodo dragon (Lair:1)
1 creature vanquished.

Vanquished Creatures (others)
  A black bear (D:6)
  2 hounds (D:6)
  An orc wizard (D:5)
4 creatures vanquished.

Grand Total: 400 creatures vanquished

Table legend: (Time is in decaauts)
 A = Elapsed time spent in this place.
 B = Non-inter-level travel time spent in this place.
 C = Inter-level travel time spent in this place.
 D = Time resting spent in this place.
 E = Time spent auto-exploring this place.
 F = Levels seen in this place.
 G = Mean time per level.
                   A        B        C        D        E       F      G
               +--------+--------+--------+--------+--------+-----+--------+
         Total |  17346 |  16875 |    471 |   5970 |   7548 |  16 | 1084.1 |
       Dungeon |  10324 |  10021 |    303 |   2611 |   5350 |  11 |  938.5 |
          Lair |   7022 |   6854 |    168 |   3358 |   2197 |   5 | 1404.4 |
               +--------+--------+--------+--------+--------+-----+--------+

Top non-repeatable levels by time:
  Lair:2: 2787 daAuts
  Lair:3: 1929 daAuts
  Lair:4: 1785 daAuts
    D:10: 1472 daAuts
     D:8: 1344 daAuts
     D:5: 1093 daAuts
     D:9: 1059 daAuts
     D:4: 1019 daAuts
     D:2: 930 daAuts
     D:7: 914 daAuts
     D:3: 890 daAuts
     D:6: 874 daAuts
     D:1: 717 daAuts
  Lair:1: 460 daAuts
  Lair:5: 59 daAuts

Table legend:
 A = Non-vault XP
 B = Vault XP
 C = Vault XP percentage of total XP
 D = Non-vault monster count
 E = Vault monster count
 F = Vault count percentage of total count
                 A         B        C        D         E       F
            +---------+---------+-------+---------+---------+-------
      Total |   35604 |   17263 |  32.7 |     324 |      74 |  18.6
            +---------+---------+-------+---------+---------+-------
        D:1 |      41 |       0 |   0.0 |      23 |       0 |   0.0
        D:2 |      66 |     292 |  81.6 |      16 |       8 |  33.3
        D:3 |     139 |       0 |   0.0 |      25 |       0 |   0.0
        D:4 |     336 |     454 |  57.5 |      11 |       2 |  15.4
        D:5 |     896 |     165 |  15.6 |      21 |       1 |   4.5
        D:6 |     752 |     349 |  31.7 |      13 |       7 |  35.0
        D:7 |    1456 |       0 |   0.0 |      33 |       0 |   0.0
        D:8 |    1651 |       0 |   0.0 |      39 |       0 |   0.0
        D:9 |    3621 |       0 |   0.0 |      29 |       0 |   0.0
       D:10 |    5219 |    1798 |  25.6 |      29 |      19 |  39.6
     Lair:1 |    2048 |       0 |   0.0 |       9 |       0 |   0.0
     Lair:2 |    2572 |    3461 |  57.4 |      10 |       8 |  44.4
     Lair:3 |    6008 |    2700 |  31.0 |      26 |      10 |  27.8
     Lair:4 |    9296 |    7377 |  44.2 |      31 |      17 |  35.4
     Lair:5 |    1503 |     667 |  30.7 |       9 |       2 |  18.2
            +---------+---------+-------+---------+---------+-------
